 Dungeon Crawl Stone Soup version 0.22-a0-161-g198051cff3 (console) character file.

613 Muffindrake the Sneak (level 7, 0/45 HPs)
             Began as an Octopode Assassin on Feb 11, 2018.
             Was a Believer of Dithmenos.
             Slain by an orc
             ... wielding a +0 trident
              (1 damage)
             ... on level 4 of the Dungeon.
             The game lasted 00:23:14 (4189 turns).

Muffindrake the Sneak (Octopode Assassin)           Turns: 4189, Time: 00:23:15

Health: 0/45       AC:  1    Str: 10    XL:     7   Next: 44%
Magic:  7/7        EV: 15    Int: 14    God:    Dithmenos [**....]
Gold:   176        SH:  0    Dex: 17    Spells: 6/6 levels left

rFire    . . .     SeeInvis .   n - +0 dagger (speed)
rCold    . . .     Gourm    .   (no shield)
rNeg     . . .     Faith    .   (helmet restricted)
rPois    .         Spirit   .   a - amulet of rage
rElec    .         Reflect  .   e - +2 ring of dexterity
rCorr    .         Harm     .   (no ring)
MR       .....                  (no ring)
Stlth    ++++++....             (no ring)
HPRegen  0.15/turn              (no ring)
MPRegen  0.10/turn              (no ring)
                                (no ring)
                                (no ring)

@: wreathed by umbra
A: almost no armour, stealthy swim, amphibious, 8 rings, constrict 8, camouflage
1, gelatinous body 1
a: Shadow Step, Renounce Religion, Evoke Berserk Rage


You were on level 4 of the Dungeon.
You worshipped Dithmenos.
Dithmenos was pleased with you.
You were not hungry.

You visited 1 branch of the dungeon, and saw 4 of its levels.

You collected 176 gold pieces.

Inventory:

Hand Weapons
 b - a +0 blowgun
 i - a +2 dagger of flaming
 n - a +0 dagger of speed (weapon)
Missiles
 c - 30 poisoned needles (quivered)
 d - 2 curare-tipped needles
Jewellery
 a - an amulet of rage (around mantle)
 e - a +2 ring of dexterity (left tentacle)
Scrolls
 h - a scroll of remove curse
Potions
 k - a potion of resistance {unknown}
 o - a potion of degeneration {unknown}
Comestibles
 f - 5 rations


   Skills:
 - Level 2.0 Fighting
 * Level 5.8 Short Blades
 - Level 2.0 Throwing
 + Level 3.8 Dodging
 + Level 7.7 Stealth


You had 6 spell levels left.
You didn't know any spells.

Dungeon Overview and Level Annotations

Branches:
Dungeon (4/15)
 Temple: D:4-7

Altars:
Dithmenos
Fedhas
The Shining One


Innate Abilities, Weirdness & Mutations

You cannot wear most types of armour.
You are very stealthy in the water. (Stealth+)
You are amphibious.
You can wear up to eight rings at the same time.
You can use your tentacles to constrict eight enemies at once.
Your skin changes colour to match your surroundings (Stealth+).
Your rubbery body absorbs attacks. (AC +1, EV +1)


Message History

You constrict the orc priest. You hit the orc priest.
The orc priest is almost dead.
You constrict the orc priest.
You kill the orc priest!
Dithmenos accepts your kill. The orc closely misses you.
You see here 3 silver javelins.
The orc barely misses you.
The orc priest mumbles some strange prayers to Beogh against you.
Pain shoots through your body!
* * * LOW HITPOINT WARNING * * *
The orc priest mumbles some strange prayers to Beogh against you.
Beogh smites you!
* * * LOW HITPOINT WARNING * * *
You hear a shout!
You see here 3 silver javelins.
You fail to use your ability.
The orc hits you from afar with a trident.
You die...

#..........
#..........
#..........
########..........
####................#
#oo..########....####
......#### ##....#
..... #.....# h...
#.....### .s.
###o#...<.# .o
#@....#[#......# .
##..####..#####..
#...# #..# #.#.# #..#
#8.#.# #... ##...#
..#.# #..## .##.# ...
. .# .... .#..$
#.#8..


You could see an orc.

Vanquished Creatures
  The ghost of kroki the Cudgeler, an amateur FoFi (D:3)
  An ogre (D:3)
  A hound (D:4)
  4 orc priests
  3 orc wizards
  An iguana (D:4)
  5 adders
  An ooze (D:2)
  3 worms (D:2)
  A dart slug (D:2)
  5 leopard geckos
  10 orcs (D:3)
  11 bats
  3 giant cockroaches
  8 goblins
  7 hobgoblins
  A quokka (D:2)
  A ball python (D:2)
  6 frilled lizards
  7 kobolds
  5 rats
85 creatures vanquished.

Notes
Turn   | Place    | Note
-------+----------+-------------------------------------------
     0 | D:1      | Muffindrake the Octopode Assassin began the quest for the Orb.
     0 | D:1      | Reached XP level 1. HP: 14/14 MP: 1/1
   107 | D:1      | Reached XP level 2. HP: 12/19 MP: 2/2
   730 | D:1      | Reached XP level 3. HP: 24/24 MP: 3/3
  1456 | D:2      | Found a shadowy altar of Dithmenos.
  1466 | D:2      | Became a worshipper of Dithmenos the Shadowed
  1661 | D:2      | Reached XP level 4. HP: 29/29 MP: 4/4
  1684 | D:2      | Reached skill level 6 in Stealth
  1966 | D:2      | Found a blossoming altar of Fedhas.
  2234 | D:3      | Reached XP level 5. HP: 17/34 MP: 5/5
  2579 | D:3      | Reached * piety under Dithmenos
  2788 | D:3      | Noticed kroki's ghost (amateur FoFi)
  2839 | D:3      | Reached XP level 6. HP: 24/39 MP: 6/6
  3128 | D:3      | Killed kroki's ghost
  3128 | D:3      | Reached skill level 5 in Short Blades
  3128 | D:3      | Reached skill level 7 in Stealth
  3464 | D:3      | Reached XP level 7. HP: 45/45 MP: 7/7
  3810 | D:3      | Found a glowing golden altar of the Shining One.
  4123 | D:4      | Reached ** piety under Dithmenos
  4188 | D:4      | HP: 1/45 [orc priest/divine providence (11)]
  4189 | D:4      | Slain by an orc

Vault maps used:
D:1:      sevenhm_arrival_forest_fort_small_3
D:2:      grunt_dithmenos_smoke, first_ration, fedhas_altar_fruit_tree
D:3:      lemuel_crystal_altar, serial_co_window_serial, co_window_paths_a,
          co_window_paths_a, co_window_paths_a, co_window_corner_a,
          co_window_of_opportunity_a, co_window_paths_b, co_window_paths_a,
          co_window_corner_b, co_window_broadway_c, co_window_cross_3,
          co_window_2corner, co_window_corner_cb, co_window_unsneaky_path_d,
          glass_columns_a, glass_columns_c, glass_columns_b
D:4:      gammafunk_temple_overflow_wave, minmay_temple_entry_statues_pillars,
          lightli_ossuary_entry_decrepit_ruins

Skill      XL: |  1  2  3  4  5  6 |
---------------+-------------------+-----
Short Blades   | 3 4 5 |  5.8
Dodging        | 2 3 |  3.8
Stealth        | 6 7 |  7.7
Fighting       | |  2.0
Throwing       | |  2.0

Action                   |  1- 3 |  4- 6 |  7- 9 || total
-------------------------+-------+-------+-------++-------
Melee: Dagger            |    50 |   189 |    49 ||   288
       Constrict         |    11 |    22 |     9 ||    42
       Tentacles         |    11 |    21 |    11 ||    43
 Fire: Blowgun           |     7 |     6 |       ||    13
  Use: Scroll            |     6 |     5 |       ||    11
       Potion            |       |     4 |       ||     4
 Stab: Sleeping          |    14 |     2 |     6 ||    22
       Distracted        |       |     1 |       ||     1
  Eat: Ration            |     1 |     2 |       ||     3
Armor: Skin              |     3 |    34 |     3 ||    40
Dodge: Dodged            |    17 |    56 |    25 ||    98

Table legend:
 A = Spawn XP
 B = Non-spawn XP
 C = Spawn XP percentage of total XP
 D = Spawn monster count
 E = Non-spawn monster count
 F = Spawn count percentage of total count
 G = Total turns spent on level
                    A         B        C        D         E        F      G
               +---------+---------+-------+---------+---------+-------+---------
         Total |       0 |     876 |   0.0 |       0 |      85 |   0.0 |  4189
               +---------+---------+-------+---------+---------+-------+---------
           D:1 |       0 |      38 |   0.0 |       0 |      23 |   0.0 |  1187
           D:2 |       0 |      84 |   0.0 |       0 |      19 |   0.0 |  1012
           D:3 |       0 |     591 |   0.0 |       0 |      39 |   0.0 |  1895
           D:4 |       0 |     163 |   0.0 |       0 |       4 |   0.0 |    95
               +---------+---------+-------+---------+---------+-------+---------
